 Dungeon Crawl Stone Soup version 0.30-a0-223-gcb0039aa0c (webtiles) character file.

Game seed: 6452058632285194535

2611 qw the Cleaver (level 9, -3/55 HPs)
             Began as a Gargoyle Fighter on Oct 9, 2022.
             Slain by Maggie
             ... wielding a +0 morningstar
              (8 damage)
             ... on level 6 of the Dungeon.
             The game lasted 00:02:23 (5445 turns).

qw the Cleaver (Gargoyle Fighter)                   Turns: 5445, Time: 00:02:23

Health: -3/55      AC: 17    Str: 23    XL:     9   Next: 60%
Magic:  0/9        EV:  5    Int: 10    God:
Gold:   329        SH:  4    Dex:  9    Spells: 8/8 levels left

rFire   . . .      SeeInvis .    Y - +4 war axe
rCold   . . .      Faith    .    c - +0 buckler
rNeg    + + .      Spirit   +    f - +0 chain mail
rPois   inf        Reflect  .    (no helmet)
rElec   +          Harm     .    (no cloak)
rCorr   .          Rampage  .    l - +0 pair of gloves
Will    +....                    (no boots)
Stlth   ..........               h - amulet of guardian spirit
HPRegen 0.29/turn                e - ring of willpower
MPRegen 0.11/turn                t - ring of positive energy

@: grasped by roots, mesmerised, constricted
A: sickness immunity, AC +6, negative energy resistance 1, electricity
resistance, torment resistance 1, petrification resistance, wild magic 1
a: no special abilities


You were on level 6 of the Dungeon.
You visited 1 branch of the dungeon, and saw 6 of its levels.

You collected 329 gold pieces.


Innate Abilities, Weirdness & Mutations

You are immune to sickness and miasma.
Your stone body is resilient. (AC +6)
You are immune to poison.
You resist negative energy. (rN+)
You are resistant to electric shocks. (rElec)
You are resistant to unholy torment.
You are immune to petrification.
Your spells are a little harder to cast, but a little more powerful.


   Skills:
 + Level 6.2 Fighting
 - Level 9.0 Axes
 - Level 2.4 Throwing
 - Level 4.1 Armour
 - Level 4.2 Dodging
 - Level 4.1 Shields


You had 8 spell levels left.
You didn't know any spells.
Your spell library was empty.

Inventory:

Hand Weapons
 o - a +0 flail of protection
 Y - a +4 war axe (weapon)
Missiles
 g - 2 boomerangs
 u - 2 javelins (quivered)
Armour
 c - a +0 buckler (worn)
 f - a +0 chain mail (worn)
 l - a +0 pair of gloves (worn)
Jewellery
 e - a ring of willpower (left hand)
 h - an amulet of guardian spirit (around neck)
 k - a ring of protection from cold
 t - a ring of positive energy (right hand)
 v - a ring of fire
Scrolls
 a - a scroll of teleportation
 p - a scroll of identify
Potions
 b - 3 potions of lignification
 d - a potion of might
 i - a potion of heal wounds
 j - 2 potions of resistance {unknown}
 m - 2 potions of curing
 n - a potion of mutation
 q - a potion of haste {unknown}
 r - a potion of ambrosia {unknown}
 s - 4 potions of attraction
 w - a potion of brilliance {unknown}

Dungeon Overview and Level Annotations

Branches:
Dungeon (6/15)
 Temple: D:4-7

Altars:
Cheibriados
Kikubaaqudgha
Uskayaw
Vehumet
Zin

Annotations:
D:6 Maggie


Message History

Maggie is nearby!
Maggie hits you with a +0 morningstar!
You hit Maggie but do no damage.
Maggie zaps a wand.
The roots erupt in riotous growth!
The grasping roots grab you!
Maggie is unaffected.
The grasping roots constrict you.
You hear a shout!
You hit Maggie.
Maggie is lightly wounded.
Maggie hits you with a +0 morningstar! The grasping roots constrict you.
The grasping roots release their grip on you.
You slash Maggie!
Maggie is moderately wounded.
Maggie hits you with a +0 morningstar.
You slash Maggie!
Maggie is heavily wounded.
Maggie mumbles some strange words.
Maggie attempts to bespell you! You resist with almost no effort.
You barely miss Maggie.
Maggie is heavily wounded.
Maggie gestures wildly while chanting.
Maggie attempts to bespell you!
You are mesmerised by Maggie!
You barely miss Maggie.
Maggie is heavily wounded.
Maggie casts a spell at you. The bolt of fire hits you!
You hit Maggie.
Maggie is heavily wounded.
Maggie zaps a wand.
The roots erupt in riotous growth!
The grasping roots grab you!
Maggie is unaffected.
The grasping roots constrict you.
You slash Maggie!
Maggie is severely wounded.
Maggie hits you with a +0 morningstar. The grasping roots constrict you.
You slash Maggie!
Maggie is almost dead.
Maggie hits you with a +0 morningstar! The grasping roots constrict you.
Maggie hits you with a +0 morningstar!
You die...

.........'>.:....##
#
.........##.#.....#
#.......###.##.##.#
# ##.....##
#.##.##.#.# ##...##
#.##.##.#.#. ##'##
#........... ##.##
#######.####
#...###########@#
#.#...........@.#
#....############
#.....# ##....#
#..#.# ....#.#
###.##.# #. #.#


You could see Maggie (mesmerising).

Vanquished Creatures
  Pikel (D:4)
  Sigmund (D:4)
  Eustachio (D:4)
  Duvessa (D:5)
  2 ice beasts (D:6)
  A centaur (D:6)
  2 ogres (D:4)
  2 phantoms
  A bullfrog (D:6)
  A gnoll sergeant (D:5)
  Blork the orc (D:6)
  3 scorpions
  Dowan (D:5)
  4 killer bees (D:6)
  A howler monkey (D:5)
  3 hounds
  A jelly (D:6)
  An orc priest (D:5)
  Jessica (D:3)
  Ijyb (D:3)
  5 iguanas
  An orc wizard (D:5)
  3 gnolls (D:5)
  7 adders
  4 worms
  6 dart slugs
  11 orcs
  6 endoplasms
  2 giant cockroaches
  7 goblins
  11 hobgoblins
  7 jackals
  3 quokkas
  8 ball pythons
  5 bats
  4 frilled lizards
  6 kobolds
  7 rats
133 creatures vanquished.

Vanquished Creatures (others)
  A withered plant (D:6)
1 creature vanquished.

Grand Total: 134 creatures vanquished

Notes
Turn   | Place    | Note
-------+----------+-------------------------------------------
     0 | D:1      | qw the Gargoyle Fighter began the quest for the Orb.
     0 | D:1      | Reached XP level 1. HP: 14/14 MP: 1/1
     0 | D:1      | 0 ||| qw: Version: 0.2-a-17-g06abaee
     0 | D:1      | 0 ||| qw: Game counter: 2114
     0 | D:1      | 0 ||| qw: Always use a shield: true
     0 | D:1      | 0 ||| qw: God list: Okawaru
     0 | D:1      | 0 ||| qw: Allow faded altars: false
     0 | D:1      | 0 ||| qw: Do Orc after D:15 true
     0 | D:1      | 0 ||| qw: Do second Lair branch before Depths: true
     0 | D:1      | 0 ||| qw: Lair rune preference: random
     0 | D:1      | 0 ||| qw: Plans: Normal, Zot:1-4, God:TSO, Crypt, Tomb,
                  | Pan, Slime:5, Hells, Abyss, Orb
     0 | D:1      | 0 ||| PLANNING D:1-11
    31 | D:1      | Reached skill level 2 in Axes
   162 | D:1      | Reached XP level 2. HP: 19/19 MP: 2/2
   164 | D:1      | 164 ||| Stepping ~*~*~tactically~*~*~ (stealth).
   415 | D:1      | Reached skill level 3 in Axes
   456 | D:1      | Reached XP level 3. HP: 22/23 MP: 3/3
   578 | D:1      | 578 ||| UPGRADING to +0 chain mail.
   588 | D:1      | 588 ||| DROPPING +0 scale mail.
   589 | D:1      | 589 ||| UPGRADING to amulet of guardian spirit.
   594 | D:1      | 594 ||| DROPPING amulet of faith.
   595 | D:1      | 595 ||| UPGRADING to ring of willpower.
   596 | D:1      | 596 ||| READING 3 scrolls labelled QIOCORHAEMIT.
   600 | D:1      | 600 ||| DRINKING 3 fizzy inky potions.
   601 | D:1      | 601 ||| DRINKING 2 dark potions.
   601 | D:1      | Gained mutation: Your spells are a little harder to cast,
                  | but a little more powerful. [potion of mutation]
   661 | D:2      | 661 ||| Stepping ~*~*~tactically~*~*~ (stealth).
   670 | D:2      | Found a radiant altar of Vehumet.
   878 | D:2      | 878 ||| Stepping ~*~*~tactically~*~*~ (stealth).
   960 | D:2      | Reached XP level 4. HP: 26/28 MP: 4/4
  1037 | D:2      | 1037 ||| Stepping ~*~*~tactically~*~*~ (hiding).
  1151 | D:2      | 1151 ||| Stepping ~*~*~tactically~*~*~ (hiding).
  1321 | D:2      | Found a faded altar of an unknown god.
  1321 | D:2      | Noticed an ice devil
  1530 | D:2      | 1530 ||| UPGRADING to +0 pair of gloves.
  1535 | D:2      | 1535 ||| READING scroll labelled OMAHUA JISALIOLOL.
  1536 | D:2      | 1536 ||| READING scroll labelled LILEME ZIUSUSK.
  1537 | D:2      | 1537 ||| READING 3 scrolls labelled QUSETT KYKYAHOAB.
  1538 | D:2      | 1538 ||| READING 2 scrolls labelled ROVEUN KON.
  1539 | D:2      | 1539 ||| READING scroll of enchant weapon.
  1539 | D:2      | 1539 ||| ENCHANTING +1 war axe.
  1540 | D:2      | 1540 ||| READING scroll labelled OTRAOLA VOJI.
  1641 | D:2      | 1641 ||| READING 2 scrolls of identify.
  1641 | D:2      | 1641 ||| IDENTIFYING murky emerald potion
  1664 | D:3      | Noticed Ijyb
  1689 | D:3      | Killed Ijyb
  1690 | D:3      | Reached skill level 4 in Axes
  1746 | D:3      | Noticed Jessica
  1747 | D:3      | 1747 ||| Stepping ~*~*~tactically~*~*~ (hiding).
  1750 | D:3      | Killed Jessica
  1751 | D:3      | Reached XP level 5. HP: 32/32 MP: 5/5
  1838 | D:3      | 1838 ||| Stepping ~*~*~tactically~*~*~ (stealth).
  1845 | D:3      | 1845 ||| Stepping ~*~*~tactically~*~*~ (stealth).
  1884 | D:3      | 1884 ||| Stepping ~*~*~tactically~*~*~ (hiding).
  1886 | D:3      | 1886 ||| Stepping ~*~*~tactically~*~*~ (hiding).
  1994 | D:3      | Found a hide-covered altar of Uskayaw.
  1995 | D:3      | Found a snail-covered altar of Cheibriados.
  1996 | D:3      | 1996 ||| Stepping randomly (stuck).
  1998 | D:3      | 1998 ||| Stepping randomly (stuck).
  2008 | D:3      | 2008 ||| Stepping ~*~*~tactically~*~*~ (stealth).
  2012 | D:3      | 2012 ||| Stepping ~*~*~tactically~*~*~ (stealth).
  2073 | D:3      | 2073 ||| DROPPING +0 club.
  2222 | D:3      | 2222 ||| Stepping ~*~*~tactically~*~*~ (stealth).
  2410 | D:3      | Reached skill level 5 in Axes
  2432 | D:3      | 2432 ||| UPGRADING to ring of positive energy.
  2433 | D:3      | 2433 ||| READING scroll labelled ZEVEBU GUTS.
  2434 | D:3      | 2434 ||| READING scroll labelled HIAWY ESION.
  2435 | D:3      | 2435 ||| Stepping randomly (stuck).
  2436 | D:3      | 2436 ||| Stepping randomly (stuck).
  2437 | D:3      | 2437 ||| Stepping randomly (stuck).
  2438 | D:3      | 2438 ||| Stepping randomly (stuck).
  2439 | D:3      | 2439 ||| Stepping randomly (stuck).
  2552 | D:3      | 2552 ||| READING scroll labelled RINEF KO NYT.
  2567 | D:4      | Noticed an ogre
  2569 | D:4      | HP: 5/32 [ogre/+0 giant spiked club (13)]
  2570 | D:4      | 2570 ||| READING 2 scrolls of teleportation.
  2571 | D:4      | 2571 ||| DRINKING 3 potions of heal wounds.
  2573 | D:4      | 2573 ||| DRINKING 2 potions of heal wounds.
  2574 | D:4      | Noticed Eustachio
  2589 | D:4      | Killed Eustachio
  2590 | D:4      | Reached XP level 6. HP: 15/40 MP: 1/6
  2690 | D:4      | Found a radiant altar of Vehumet.
  2757 | D:4      | 2757 ||| Stepping ~*~*~tactically~*~*~ (stealth).
  2762 | D:4      | 2762 ||| Stepping ~*~*~tactically~*~*~ (stealth).
  2766 | D:4      | 2766 ||| Stepping ~*~*~tactically~*~*~ (stealth).
  2767 | D:4      | 2767 ||| Stepping ~*~*~tactically~*~*~ (hiding).
  2780 | D:4      | Reached XP level 7. HP: 22/44 MP: 3/7
  2784 | D:4      | 2784 ||| Stepping ~*~*~tactically~*~*~ (hiding).
  2797 | D:4      | 2797 ||| Stepping ~*~*~tactically~*~*~ (stealth).
  2810 | D:4      | Reached skill level 6 in Axes
  2862 | D:4      | Noticed Pikel
  2863 | D:4      | 2863 ||| FLEEEEING.
  2864 | D:4      | 2864 ||| FLEEEEING.
  2865 | D:4      | 2865 ||| FLEEEEING.
  2872 | D:4      | 2872 ||| FLEEEEING.
  2877 | D:4      | 2877 ||| FLEEEEING.
  2878 | D:4      | 2878 ||| FLEEEEING.
  2893 | D:4      | Killed Pikel
  2894 | D:4      | Reached XP level 8. HP: 42/49 MP: 5/8
  3031 | D:4      | 3031 ||| Stepping ~*~*~tactically~*~*~ (stealth).
  3034 | D:4      | 3034 ||| Stepping ~*~*~tactically~*~*~ (stealth).
  3035 | D:4      | 3035 ||| Stepping ~*~*~tactically~*~*~ (stealth).
  3113 | D:4      | 3113 ||| READING scroll of enchant weapon.
  3113 | D:4      | 3113 ||| ENCHANTING +2 war axe.
  3186 | D:4      | Noticed Sigmund
  3187 | D:4      | 3187 ||| Stepping ~*~*~tactically~*~*~ (hiding).
  3196 | D:4      | Killed Sigmund
  3210 | D:4      | Reached skill level 7 in Axes
  3479 | D:4      | 3479 ||| DROPPING ring of wizardry.
  3480 | D:4      | 3480 ||| DRINKING 2 fuming white potions.
  3481 | D:4      | 3481 ||| READING 4 scrolls of identify.
  3481 | D:4      | 3481 ||| IDENTIFYING viscous sapphire potion
  3482 | D:4      | 3482 ||| READING 3 scrolls of identify.
  3482 | D:4      | 3482 ||| IDENTIFYING fuming red potion
  3483 | D:4      | 3483 ||| READING 2 scrolls of identify.
  3483 | D:4      | 3483 ||| IDENTIFYING emerald potion
  3484 | D:4      | 3484 ||| DROPPING potion of berserk rage.
  3485 | D:4      | 3485 ||| DROPPING potion of flight.
  3486 | D:4      | 3486 ||| DROPPING potion of invisibility.
  3522 | D:5      | Entered Level 5 of the Dungeon
  3745 | D:5      | 3745 ||| Stepping ~*~*~tactically~*~*~ (hiding).
  3868 | D:5      | Reached skill level 1 in Throwing
  4041 | D:5      | Noticed Dowan
  4042 | D:5      | 4042 ||| Stepping ~*~*~tactically~*~*~ (stealth).
  4044 | D:5      | 4044 ||| Stepping ~*~*~tactically~*~*~ (stealth).
  4049 | D:5      | Noticed Duvessa
  4067 | D:5      | Killed Duvessa
  4068 | D:5      | Reached XP level 9. HP: 44/54 MP: 5/9
  4072 | D:5      | Reached skill level 8 in Axes
  4072 | D:5      | Killed Dowan
  4136 | D:5      | Found a glowing silver altar of Zin.
  4176 | D:5      | 4176 ||| Stepping ~*~*~tactically~*~*~ (hiding).
  4192 | D:5      | Reached skill level 6 in Fighting
  4418 | D:5      | 4418 ||| READING scroll labelled SYSOIN TORCHURR.
  4474 | D:6      | Found an ancient bone altar of Kikubaaqudgha.
  4478 | D:6      | 4478 ||| READING scroll of enchant weapon.
  4478 | D:6      | 4478 ||| ENCHANTING +3 war axe.
  4700 | D:6      | 4700 ||| Stepping ~*~*~tactically~*~*~ (hiding).
  4702 | D:6      | 4702 ||| Stepping ~*~*~tactically~*~*~ (stealth).
  5173 | D:6      | Reached skill level 9 in Axes
  5199 | D:6      | Noticed Blork the orc
  5210 | D:6      | Killed Blork the orc
  5432 | D:6      | Noticed Maggie
  5433 | D:6      | 5433 ||| Stepping ~*~*~tactically~*~*~ (hiding).
  5445 | D:6      | HP: 6/55 [Maggie/+0 morningstar (11)]
  5445 | D:6      | Slain by Maggie

Levels and vault maps discovered:
D:1:      wander_arrival_fairy_ring, layout_basic
D:2:      layout_loops_ring, basic_altar,
          dreamdust_ecumenical_altar_sealed_demon, kennysheep_nondescript
D:3:      layout_basic, jmf_multi_god_temple, serial_glass, glass_columns_b,
          glass_columns_a, feat_on_display, due_unseen_surprise,
          minmay_strange_pillars, ebering_dispersal_statue_hall, uniq_jessica,
          uniq_ijyb
D:4:      layout_loops_ring, overflow_temple_1_default, uniq_sigmund,
          uniq_pikel, uniq_eustachio
D:5:      layout_loops_cross, zin_statuary, kennysheep_generic_room_7,
          uniq_duvessa
D:6:      layout_loops_corners, kiku_gazebo_garden_becter,
          gammafunk_temple_overflow_elements, serial_park_tiny_2,
          kennysheep_small_spiral, uniq_maggie, uniq_blork_the_orc,
          uniq_crazy_yiuf_cottage

Skill      XL: |  1  2  3  4  5  6  7  8  9 |
---------------+----------------------------+-----
Axes           | 2 3 4 5 6 7 9 |  9.0
Fighting       | 5 6 |  6.2
Dodging        | 4 |  4.2
Throwing       | 2 |  2.4
Armour         | 4 |  4.1
Shields        | 4 |  4.1

Action                   |  1- 3 |  4- 6 |  7- 9 || total
-------------------------+-------+-------+-------++-------
Melee: War axe           |   110 |   119 |   229 ||   458
Throw: Boomerang         |       |       |    10 ||    10
       Javelin           |       |       |    13 ||    13
  Use: Potion            |     2 |     2 |     1 ||     5
       Scroll            |     1 |    11 |     6 ||    18
 Stab: Distracted        |       |       |     1 ||     1
Armor: Scale mail        |    32 |       |       ||    32
       Chain mail        |    24 |    59 |   107 ||   190
Dodge: Dodged            |    27 |    26 |    86 ||   139
Block: Buckler           |    22 |    15 |    40 ||    77

Table legend:
 A = Non-vault XP
 B = Vault XP
 C = Vault XP percentage of total XP
 D = Non-vault monster count
 E = Vault monster count
 F = Vault count percentage of total count
                 A         B        C        D         E       F
            +---------+---------+-------+---------+---------+-------
      Total |    2280 |    1451 |  38.9 |     122 |      11 |   8.3
            +---------+---------+-------+---------+---------+-------
        D:1 |      45 |       0 |   0.0 |      27 |       0 |   0.0
        D:2 |      52 |       0 |   0.0 |      18 |       0 |   0.0
        D:3 |      61 |      77 |  55.8 |      19 |       4 |  17.4
        D:4 |     479 |    1063 |  68.9 |      20 |       3 |  13.0
        D:5 |     693 |     224 |  24.4 |      22 |       3 |  12.0
        D:6 |     950 |      87 |   8.4 |      16 |       1 |   5.9
            +---------+---------+-------+---------+---------+-------
